 Dungeon Crawl Stone Soup version 0.31.0-11-ge490571c62 (webtiles) character file.

Game seed: 10237580535570233605

4147 inti the Cleaver (level 10, -3/82 HPs)
             Began as a Gnoll Chaos Knight on Feb 3, 2024.
             Was a Priest of Cheibriados.
             Slain by a water elemental (11 damage)
             ... on level 8 of the Dungeon.
             The game lasted 00:13:14 (7364 turns).

inti the Cleaver (Gnoll Chaos Knight)               Turns: 7364, Time: 00:13:15

Health: -3/82      AC: 16    Str: 19    XL:     10   Next: 27%
Magic:  0/5        EV: 15    Int: 20    God:    Cheibriados [***...]
Gold:   490        SH:  0    Dex: 19    Spells: 19/19 levels left

rFire   . . .        s - +7 short sword of Taudghere {antimagic, rC+ rN+}
rCold   + + .        (no shield)
rNeg    + . .        y - +0 steam dragon scales
rPois   .            (no helmet)
rElec   .            (no cloak)
rCorr   .            (no gloves)
SInv    .            (no boots)
Will    .....        (no amulet)
Stlth   +++          O - +4 ring of protection
HPRegen 0.00/turn    o - +4 ring of protection
MPRegen 0.09/turn

%: no passive effects
@: engulfed (cannot breathe), inhibited regen, very slow
A: fangs 2, strong nose, distributed training, iridescent scales 1, cold
resistance 1, dopey 1, mutation resistance 1, inhibited regeneration, MP-powered
wands, persistent drain
a: Renounce Religion, Bend Time, Temporal Distortion


You were on level 8 of the Dungeon.
You worshipped Cheibriados.
Cheibriados was most pleased with you.
You visited 2 branches of the dungeon, and saw 9 of its levels.

You collected 490 gold pieces.

Inventory:

Hand Weapons
 a - a +0 hand axe of chaos {forbidden}
 m - a +0 short sword
 p - a +0 lajatang
 s - the +7 short sword of Taudghere (weapon) {antimagic, rC+ rN+}
   (You found it on level 6 of the Dungeon)

   rC+:       It protects you from cold.
   rN+:       It protects you from negative energy.
Armour
 b - a +2 leather armour
 y - +0 steam dragon scales (worn)
 z - the +0 plate armour of the Black Moon {rCorr Dex+2}
   (You found it on level 7 of the Dungeon)

   Dex+2:     It affects your dexterity (+2).
   rCorr:     It protects you from acid and corrosion.
 C - a +0 ring mail
Magical Staves
 r - a staff of earth {!a}
Jewellery
 o - a +4 ring of protection (right hand)
 t - a ring of willpower
 L - a ring of flight
 O - a +4 ring of protection (left hand)
 Y - a +4 ring of slaying
Talismans
 n - a blade talisman
Scrolls
 d - 3 scrolls of identify {@r1}
 f - a scroll of blinking {!r}
 h - 3 scrolls of teleportation {@r4}
 q - 2 scrolls of torment {!r}
 u - a scroll of enchant weapon
 w - a scroll of fear
 x - a scroll of noise {!r}
Potions
 e - 2 potions of curing {@q1}
 g - 3 potions of might {unknown}
 i - a potion of mutation {unknown}
 k - 2 potions of degeneration {unknown}
 v - 2 potions of lignification {unknown}
 A - a potion of berserk rage {unknown}
 B - a potion of heal wounds {unknown}


   Skills:
 + Level 8.5 Fighting
 + Level 5.3 Short Blades
 + Level 5.3 Long Blades
 + Level 8.5 Axes
 + Level 5.3 Maces & Flails
 + Level 5.3 Polearms
 + Level 5.3 Staves
 + Level 5.3 Ranged Weapons
 + Level 5.3 Throwing
 + Level 7.1 Armour
 + Level 6.0 Dodging
 + Level 5.3 Stealth
 + Level 5.3 Shields
 + Level 5.3 Unarmed Combat
 + Level 5.3 Spellcasting
 + Level 4.4 Conjurations
 + Level 4.4 Hexes
 + Level 4.4 Summonings
 + Level 4.4 Necromancy
 + Level 4.4 Translocations
 + Level 4.4 Fire Magic
 + Level 4.4 Ice Magic
 + Level 4.4 Air Magic
 + Level 4.4 Earth Magic
 + Level 4.4 Alchemy
 + Level 5.8 Invocations
 + Level 5.3 Evocations
 + Level 4.8 Shapeshifting


You had 19 spell levels left.
You didn't know any spells.
Your spell library contained the following spells:

 Spells                   Type           Power      Damage    Failure   Level
 Necrotise                Necr           88%        1d8       1%          1
 Ensorcelled Hibernation  Hex/Ice        44%        N/A       2%          2
 Jinxbite                 Hex            44%        N/A       2%          2
 Fugue of the Fallen      Necr           22%        N/A       5%          3
 Vampiric Draining        Necr           22%        2d7       5%          3
 Anguish                  Hex/Necr       11%        N/A       19%         4
 Martyr's Knell           Necr/Summ      22%        N/A       19%         4
 Curse of Agony           Necr           22%        N/A       45%         5
 Yara's Violent Unravell  Hex/Alch       11%        3d6       45%         5
 Enfeeble                 Hex            11%        N/A       100%        7


Dungeon Overview and Level Annotations

Branches:
Dungeon (8/15)             Temple (1/1) D:4
   Lair: D:8-11

Altars:
Ashenzari
Cheibriados
Dithmenos
Fedhas
Gozag
Hepliaklqana
Kikubaaqudgha
Makhleb
Nemelex Xobeh
Qazlal
Ru
Sif Muna
Trog
Uskayaw
Vehumet
Wu Jian
Xom
Yredelemnul
Zin
The Shining One


Innate Abilities, Weirdness & Mutations

You have extremely sharp teeth.
Your uncanny sense of smell can sniff out nearby items.
Your experience applies equally to all skills.
You are partially covered in iridescent scales. (AC +2)
Your flesh is cold resistant. (rC+)
You are dopey. (Int -2)
You are somewhat resistant to further mutation.
You do not regenerate when monsters are visible.
You expend magic power (3 MP) to strengthen your wands.
Your health recovers twice as slowly from being drained.


Message History

The water elemental engulfs you in water!
Aiming: Throw Flame
Press: ? - help, Q - select action, (/) - cycle Shift-Dir - straight line, f/p - water elemental
Aim: a water elemental (85% to hit)
You feel a slight surge of power.
The puff of flame hits the water elemental!
The water elemental is burned terribly!
* * * LOW HITPOINT WARNING * * *
Your lungs strain for air!
The water elemental hits you.
Aiming: Throw Flame
Press: ? - help, Q - select action, (/) - cycle Shift-Dir - straight line, f/p - water elemental
Aim: a water elemental (moderately damaged, 85% to hit)
The puff of flame hits the water elemental!
The water elemental is burned terribly!
The now-empty wand crumbles to dust.
* * * LOW HITPOINT WARNING * * *
Your lungs strain for air!
The water elemental hits you.
* * * LOW HITPOINT WARNING * * *
Unknown command.
You hit the water elemental but do no damage.
* * * LOW HITPOINT WARNING * * *
Your lungs strain for air!
The water elemental hits you.
Unknown command.
You hit the water elemental.
* * * LOW HITPOINT WARNING * * *
Your lungs strain for air!
Unknown command.
It was a potion of curing.
You feel better.
* * * LOW HITPOINT WARNING * * *
Your lungs strain for air!
The water elemental hits you.
Unknown command.
You feel better.
* * * LOW HITPOINT WARNING * * *
Your lungs strain for air!
The water elemental hits you.
Unknown command.
You feel better.
* * * LOW HITPOINT WARNING * * *
Your lungs strain for air!
The water elemental closely misses you.
Unknown command.
You hit the water elemental.
* * * LOW HITPOINT WARNING * * *
Your lungs strain for air!
The water elemental hits you!
You die...

#.# #..###..##.# #
#...###.## #.b##..#
#.......# #.####.# ###
#...####.####b# #.....
# ##.##..# ...#
#.....#####...#
##.............##..
#..#....E.........#
#####.##.....@.......#
#.##.##.............#
##...#.............##
##......####.......####
##.##...## ##..........
##..###..# #..........
#...# ##.## ##....####
##..# #..######....####
##.##
##......>.........


You could see a water elemental.

Vanquished Creatures
  A rime drake (D:7)
  A merfolk (D:8)
  Grinder (D:4)
  A water elemental (D:8)
  6 humans (D:7)
  A steam dragon (D:7)
  A black bear (D:5)
  An ice beast (D:6)
  3 ogres
  3 centaurs
  3 phantoms
  5 scorpions
  5 wights (D:5)
  4 electric eels (D:7)
  A howler monkey (D:6)
  2 bombardier beetles
  4 hounds
  An orc priest (D:6)
  2 jellies
  2 sleepcaps
  2 iguanas
  3 orc wizards
  13 adders
  2 shadow imps
  4 ufetubi
  8 dart slugs
  3 ribbon worms
  6 orcs
  9 endoplasms
  3 giant cockroaches
  7 goblins
  9 hobgoblins
  6 jackals (D:1)
  6 quokkas
  8 ball pythons
  A bat (D:3)
  6 frilled lizards
  8 kobolds
  5 rats
157 creatures vanquished.

Notes
Turn   | Place    | Note
-------+----------+-------------------------------------------
     0 | D:1      | inti the Gnoll Chaos Knight began the quest for the Orb.
     0 | D:1      | Reached XP level 1. HP: 23/23 MP: 1/1
   164 | D:1      | Reached XP level 2. HP: 27/29 MP: 2/2
   372 | D:1      | XOM: 1-stop teleportation journey
   417 | D:1      | Found a faded altar of an unknown god.
   513 | D:1      | Reached XP level 3. HP: 31/35 MP: 3/3
   514 | D:1      | XOM: silly message
   609 | D:1      | XOM: silly message
   749 | D:1      | Reached skill level 1 in Invocations
   900 | D:1      | XOM: cloud trail
  1041 | D:2      | Reached skill level 1 in Short Blades
  1041 | D:2      | Reached skill level 1 in Long Blades
  1041 | D:2      | Reached skill level 1 in Maces & Flails
  1041 | D:2      | Reached skill level 1 in Polearms
  1041 | D:2      | Reached skill level 1 in Staves
  1041 | D:2      | Reached skill level 1 in Ranged Weapons
  1041 | D:2      | Reached skill level 1 in Throwing
  1041 | D:2      | Reached skill level 1 in Stealth
  1041 | D:2      | Reached skill level 1 in Shields
  1041 | D:2      | Reached skill level 1 in Unarmed Combat
  1041 | D:2      | Reached skill level 1 in Spellcasting
  1041 | D:2      | Reached skill level 1 in Evocations
  1141 | D:2      | Reached skill level 1 in Shapeshifting
  1141 | D:2      | Reached XP level 4. HP: 40/41 MP: 5/5
  1360 | D:2      | Reached skill level 1 in Conjurations
  1360 | D:2      | Reached skill level 1 in Hexes
  1360 | D:2      | Reached skill level 1 in Summonings
  1360 | D:2      | Reached skill level 1 in Necromancy
  1360 | D:2      | Reached skill level 1 in Translocations
  1360 | D:2      | Reached skill level 1 in Fire Magic
  1360 | D:2      | Reached skill level 1 in Ice Magic
  1360 | D:2      | Reached skill level 1 in Air Magic
  1360 | D:2      | Reached skill level 1 in Earth Magic
  1360 | D:2      | Reached skill level 1 in Alchemy
  1679 | D:3      | XOM: scenery: 1 doors open
  1747 | D:3      | Found a stormy altar of Qazlal.
  2065 | D:4      | Reached skill level 3 in Dodging
  2065 | D:4      | Reached XP level 5. HP: 47/47 MP: 7/7
  2116 | D:4      | Found a shadowy altar of Dithmenos.
  2154 | D:4      | XOM: scenery: 1 doors close
  2206 | D:4      | XOM: cast spell 'Death Channel'
  2260 | D:4      | Noticed Grinder
  2265 | D:4      | Paralysed by Grinder for 2 turns
  2285 | D:4      | XOM: divination: detect items
  2286 | D:4      | Killed Grinder
  2287 | D:4      | Reached XP level 6. HP: 41/53 MP: 7/9
  2317 | D:4      | XOM: give mutations
  2317 | D:4      | Gained mutation: You are partially covered in iridescent
                  | scales. (AC +2) [Xom's grace]
  2317 | D:4      | Gained mutation: You are somewhat resistant to further
                  | mutation. [Xom's grace]
  2317 | D:4      | Gained mutation: Your flesh is cold resistant. (rC+) [Xom's
                  | grace]
  2317 | D:4      | Gained mutation: You expend magic power (3 MP) to
                  | strengthen your wands. [Xom's grace]
  2486 | D:4      | Found a staircase to the Ecumenical Temple.
  2494 | Temple   | Entered the Ecumenical Temple
  2567 | Temple   | Fell from the grace of Xom
  2567 | Temple   | Became a worshipper of Cheibriados the Contemplative
  2704 | D:4      | Reached XP level 7. HP: 59/60 MP: 10/10
  2851 | D:4      | XOM: draining
  3493 | D:4      | XOM: summons 2 hostile shadow creatures
  3631 | D:4      | Found a sparkling altar of Nemelex Xobeh.
  3631 | D:4      | Found a hazy altar of Hepliaklqana.
  3633 | D:4      | Found an ancient bone altar of Kikubaaqudgha.
  3788 | D:5      | Entered Level 5 of the Dungeon
  3848 | D:5      | Reached skill level 3 in Invocations
  3893 | D:5      | XOM: stat loss: -1 Str (11/12)
  3911 | D:5      | Reached skill level 3 in Short Blades
  3911 | D:5      | Reached skill level 3 in Long Blades
  3911 | D:5      | Reached skill level 3 in Maces & Flails
  3911 | D:5      | Reached skill level 3 in Polearms
  3911 | D:5      | Reached skill level 3 in Staves
  3911 | D:5      | Reached skill level 3 in Ranged Weapons
  3911 | D:5      | Reached skill level 3 in Throwing
  3911 | D:5      | Reached skill level 3 in Stealth
  3911 | D:5      | Reached skill level 3 in Shields
  3911 | D:5      | Reached skill level 3 in Unarmed Combat
  3911 | D:5      | Reached skill level 3 in Spellcasting
  3911 | D:5      | Reached skill level 3 in Evocations
  3911 | D:5      | Reached XP level 8. HP: 38/67 MP: 12/12
  3943 | D:5      | Reached * piety under Cheibriados
  4092 | D:5      | Reached skill level 3 in Shapeshifting
  4295 | D:5      | Reached skill level 3 in Conjurations
  4295 | D:5      | Reached skill level 3 in Hexes
  4295 | D:5      | Reached skill level 3 in Summonings
  4295 | D:5      | Reached skill level 3 in Necromancy
  4295 | D:5      | Reached skill level 3 in Translocations
  4295 | D:5      | Reached skill level 3 in Fire Magic
  4295 | D:5      | Reached skill level 3 in Ice Magic
  4295 | D:5      | Reached skill level 3 in Air Magic
  4295 | D:5      | Reached skill level 3 in Earth Magic
  4295 | D:5      | Reached skill level 3 in Alchemy
  4299 | D:5      | Reached skill level 6 in Armour
  4426 | D:5      | XOM: summons 4 hostile demons
  5015 | D:6      | Reached ** piety under Cheibriados
  5029 | D:6      | Reached XP level 9. HP: 65/73 MP: 14/14
  5445 | D:6      | Identified the +7 short sword of Taudghere {antimagic, rC+
                  | rN+}
  6085 | D:6      | XOM: summons 1 hostile demon
  6317 | D:7      | XOM: give mutations
  6317 | D:7      | Gained mutation: Your health recovers twice as slowly from
                  | being drained. [Xom's mischief]
  6317 | D:7      | Gained mutation: You are occasionally teleported next to
                  | monsters. [Xom's mischief]
  6458 | D:7      | a scorpion changed into a rime drake
  6458 | D:7      | Noticed a rime drake
  6458 | D:7      | XOM: polymorph scorpion -> rime drake
  6468 | D:7      | Killed a rime drake
  6558 | D:7      | Identified the +0 plate armour of the Black Moon {rCorr
                  | Dex+2}
  6741 | D:7      | Reached *** piety under Cheibriados
  6778 | D:7      | Reached XP level 10. HP: 57/81 MP: 5/17
  7092 | D:7      | XOM: give mutations
  7092 | D:7      | Gained mutation: You are dopey. (Int -2) [Xom's mischief]
  7092 | D:7      | Gained mutation: You do not regenerate when monsters are
                  | visible. [Xom's mischief]
  7092 | D:7      | Lost mutation: You are occasionally teleported next to
                  | monsters. [Xom's mischief]
  7092 | D:7      | Gained mutation: You have extremely sharp teeth. [Xom's
                  | mischief]
  7100 | D:7      | XOM: divination: detect creatures
  7330 | D:8      | Reached skill level 6 in Dodging
  7364 | D:8      | Slain by a water elemental

Illustrated notes

Levels and vault maps discovered:
D:1:      psy_arrival_radial01, layout_loops_ring,
          chequers_ecumenical_altar_island
D:2:      minmay_wonky_spiral, layout_basic
D:3:      layout_basic, mainiacjoe_overflow_boulevard, minmay_between
D:4:      layout_layer_cave, nicolae_overflow_hidden_temple,
          amcnicky_altar_gilded, temple_green, uniq_grinder
D:5:      layout_cave_pods
D:6:      layout_loops_corners, nicolae_half_adder
D:7:      kennysheep_slugbush, layout_rooms, serial_glass, glass_columns_a,
          glass_columns_a, minmay_ruffians
D:8:      lemuel_ice_statue, layout_layer_cave, serial_park_tiny_2,
          nicolae_rank_and_phial
Temple:   regret_index_temple_generic_petals

Skill      XL: |  1  2  3  4  5  6  7  8  9 10 |
---------------+-------------------------------+-----
Invocations    | 1 2 3 4 5 |  5.8
Short Blades   | 1 2 3 5 |  5.3
Long Blades    | 1 2 3 5 |  5.3
Maces & Flails | 1 2 3 5 |  5.3
Polearms       | 1 2 3 5 |  5.3
Staves         | 1 2 3 5 |  5.3
Ranged Weapons | 1 2 3 5 |  5.3
Throwing       | 1 2 3 5 |  5.3
Stealth        | 1 2 3 5 |  5.3
Shields        | 1 2 3 5 |  5.3
Unarmed Combat | 1 2 3 5 |  5.3
Spellcasting   | 1 2 3 5 |  5.3
Evocations     | 1 2 3 5 |  5.3
Shapeshifting  | 1 2 3 4 |  4.8
Conjurations   | 1 2 3 4 |  4.4
Hexes          | 1 2 3 4 |  4.4
Summonings     | 1 2 3 4 |  4.4
Necromancy     | 1 2 3 4 |  4.4
Translocations | 1 2 3 4 |  4.4
Fire Magic     | 1 2 3 4 |  4.4
Ice Magic      | 1 2 3 4 |  4.4
Air Magic      | 1 2 3 4 |  4.4
Earth Magic    | 1 2 3 4 |  4.4
Alchemy        | 1 2 3 4 |  4.4
Dodging        | 3 4 5 6 |  6.0
Armour         | 5 6 7 |  7.1
Fighting       | 7 8 |  8.5
Axes           | 7 8 |  8.5

Action                     |  1- 3 |  4- 6 |  7- 9 | 10-12 || total
---------------------------+-------+-------+-------+-------++-------
  Melee: Hand axe          |    98 |   144 |       |       ||   242
         Bite              |     6 |    22 |    39 |     8 ||    75
         Punch             |     4 |     1 |     6 |     4 ||    15
         Short sword       |       |    19 |   198 |    41 ||   258
         Lajatang          |       |       |   136 |       ||   136
  Evoke: Wand              |       |    11 |    25 |    11 ||    47
    Use: Scroll            |       |       |     6 |     1 ||     7
         Potion            |       |       |       |     3 ||     3
   Stab: Sleeping          |     1 |     3 |     4 |       ||     8
         Petrified         |       |    12 |       |       ||    12
 Armour: Leather armour    |    42 |    76 |    19 |       ||   137
         Ring mail         |       |       |   239 |       ||   239
         Steam dragon scal |       |       |    50 |    26 ||    76
  Dodge: Dodged            |    52 |    72 |   279 |    19 ||   422
